 Dungeon Crawl Stone Soup version 0.27.1-33-g824d729ab1 (webtiles) character file.

Game seed: 15239023989556209466

764 4FPSwarrior the Grave Robber (level 7, -2/51 HPs)
             Began as a Vampire Necromancer on Dec 3, 2021.
             Slain by a gnoll (5 damage)
             ... on level 6 of the Dungeon.
             The game lasted 00:21:46 (6251 turns).

4FPSwarrior the Grave Robber (Vampire Necromancer)  Turns: 6251, Time: 00:21:46

Health: -2/51      AC:  3    Str:  7    XL:     7   Next: 51%
Magic:  13/13      EV:  6    Int: 19    God:
Gold:   38         SH:  0    Dex: 15    Spells: 3/14 levels left

rFire    . . .     SeeInvis +   d - +0 dagger
rCold    . . .     Faith    .   (no shield)
rNeg     . . .     Spirit   .   u - +0 robe {Will+}
rPois    .         Reflect  .   (no helmet)
rElec    .         Harm     .   (no cloak)
rCorr    .         Rampage  .   (no gloves)
Will     +....                  r - +0 pair of boots
Stlth    +++.......             (no amulet)
HPRegen  0.37/turn              (no ring)
MPRegen  0.13/turn              (no ring)

@: held, healing quickly
A: alive, fangs 3, see invisible, vampiric 2
a: Exsanguinate


You were on level 6 of the Dungeon.
You visited 1 branch of the dungeon, and saw 6 of its levels.

You collected 235 gold pieces.
You spent 197 gold pieces at shops.

Inventory:

Hand Weapons
 d - a +0 dagger (weapon)
Armour
 r - a +0 pair of boots (worn)
 u - a +0 robe of willpower (worn)
Wands
 k - a wand of polymorph (2)
 q - a wand of charming (11)
Scrolls
 e - a scroll of enchant armour
 f - a scroll of enchant weapon {unknown}
 i - 2 scrolls of magic mapping
 j - a scroll of blinking {unknown}
 n - a scroll of acquirement {unknown}
 s - a scroll of silence {unknown}
Potions
 a - a potion of lignification
 b - a potion of cancellation
 c - a potion of heal wounds
 g - a potion of curing
 h - a potion of resistance {unknown}
 l - a potion of degeneration {unknown}
 m - 2 potions of haste
 o - 2 potions of invisibility
 p - a potion of attraction {unknown}


   Skills:
 + Level 2.8 Fighting
 + Level 0.3 Short Blades
 - Level 2.1 Dodging
 + Level 6.0 Stealth
 + Level 4.2 Spellcasting
 + Level 4.6 Hexes
 + Level 6.3 Necromancy


You had 3 spell levels left.
You knew the following spells:

 Your Spells              Type           Power      Damage    Failure   Level
a - Pain                  Necr           100%       1d9       1%          1
b - Vampiric Draining     Necr           14%        2d8       3%          3
c - Slow                  Hex            21%        N/A       3%          2
d - Confusing Touch       Hex            21%        N/A       6%          3
e - Blink                 Tloc           N/A        N/A       21%         2

Your spell library contained the following spells:

 Spells                   Type           Power      Damage    Failure   Level
 Animate Skeleton         Necr           56%        N/A       1%          1
 Lesser Beckoning         Tloc           2%         N/A       38%         3
 Animate Dead             Necr           14%        N/A       10%         4
 Agony                    Necr           28%        N/A       26%         5
 Manifold Assault         Tloc           4%         N/A       98%         5


Dungeon Overview and Level Annotations

Branches:
Dungeon (6/15)
 Temple: D:4-7

Altars:

Shops:
D:5 [![

Annotations:
D:5 exclusion: door, Ijyb


Innate Abilities, Weirdness & Mutations

Your natural rate of healing is accelerated.
You have razor-sharp teeth.
You have supernaturally acute eyesight. (SInv)
You are afflicted with vampirism and can become a bat while bloodless.


Message History

Press: ? - help, Shift-Dir - straight line, f/p - gnoll
Aim: a gnoll, wielding a +0 flail (moderately wounded, chance to affect: 89%)
The gnoll writhes in agony!
The gnoll hits you with a +0 flail.
Casting: Pain (safe; 1% risk of failure)
Confirm with . or Enter, or press ? or * to list all spells.
Aiming: Pain (safe; 1% risk of failure)
Press: ? - help, Shift-Dir - straight line, f/p - gnoll
Aim: a gnoll, wielding a +0 flail (almost dead, chance to affect: 89%)
The gnoll writhes in agony!
You kill the gnoll!
Things that are here:
a +0 flail; a gnoll corpse You start resting.
Magic restored.
You start resting.
HP restored.
There is a stone staircase leading down here.
You climb downwards.
The gnoll throws a throwing net.
The throwing net hits you.
You become entangled in the net!
The gnoll hits you with a +0 club.
There is a stone staircase leading up here.
You see here a throwing net.
You struggle against the net.
The gnoll hits you but does no damage.
You struggle against the net.
The gnoll hits you with a +0 club.
The gnoll hits you from afar with a +0 spear.
You shred the net and break free! The gnoll misses you.
The gnoll completely misses you.
The gnoll throws a throwing net.
The throwing net hits you.
You become entangled in the net!
The gnoll hits you from afar with a +0 spear!
You struggle against the net.
The gnoll hits you with a +0 flail. The gnoll hits you with a +0 club.
The gnoll hits you from afar with a +0 spear.
You struggle against the net.
The gnoll hits you with a +0 flail. The gnoll hits you with a +0 club.
The gnoll completely misses you.
The gnoll hits you from afar with a +0 spear!
* * * LOW HITPOINT WARNING * * *
You struggle against the net.
The gnoll hits you with a +0 flail!
* * * LOW HITPOINT WARNING * * *
The gnoll hits you with a +0 club.
You die...

#########
#.......#
#.......#
#.......#
######.......#
#............#
#...........g#
#..........g@#
#...........g#
#).[......g..#
##'###.......#
#. #.......#
#g #.......#
.. #.......#
#. #.).....#
#. #.......#


You could see 4 gnolls.

Vanquished Creatures
  Edmund (D:5)
  2 water moccasin skeletons
  2 orc priests (D:4)
  2 gnoll shamans
  2 hounds
  2 iguanas
  Terence (D:2)
  An orc wizard (D:4)
  8 gnolls
  9 adders
  An adder skeleton (D:4)
  2 worms
  2 dart slugs (D:3)
  10 orcs
  6 ball pythons
  4 endoplasms
  5 giant cockroaches
  6 goblins
  15 hobgoblins
  A jackal (D:1)
  3 quokkas
  7 bats
  2 frilled lizards
  A jackal skeleton (D:4)
  6 kobolds
  9 rats
110 creatures vanquished.

Notes
Turn   | Place    | Note
-------+----------+-------------------------------------------
     0 | D:1      | 4FPSwarrior the Vampire Necromancer began the quest for the
                  | Orb.
     0 | D:1      | Reached XP level 1. HP: 13/13 MP: 3/3
   412 | D:1      | Reached XP level 2. HP: 15/19 MP: 0/5
   958 | D:2      | Found a faded altar of an unknown god.
  1079 | D:2      | Noticed Terence
  1149 | D:2      | Killed Terence
  1150 | D:2      | Reached skill level 5 in Necromancy
  1150 | D:2      | Gained mutation: You are afflicted with vampirism and can
                  | become a bat while bloodless. [Vampire growth]
  1150 | D:2      | Reached XP level 3. HP: 23/24 MP: 0/7
  1222 | D:2      | Learned a level 3 spell: Vampiric Draining
  1262 | D:2      | Learned a level 2 spell: Slow
  1629 | D:2      | You fall into a shaft and drop 2 floors!
  1658 | D:4      | Reached XP level 4. HP: 27/31 MP: 3/8
  1716 | D:3      | Reached skill level 1 in Hexes
  2487 | D:3      | Reached skill level 1 in Fighting
  2830 | D:3      | Reached XP level 5. HP: 22/37 MP: 1/9
  4051 | D:4      | Reached XP level 6. HP: 40/44 MP: 5/11
  4612 | D:4      | Reached skill level 5 in Stealth
  4695 | D:5      | Entered Level 5 of the Dungeon
  5066 | D:5      | Reached XP level 7. HP: 36/51 MP: 5/12
  5400 | D:5      | Noticed Edmund
  5402 | D:5      | Found Keakuepp's Antique Armour Emporium.
  5446 | D:5      | Killed Edmund
  5712 | D:5      | Bought a glowing robe for 77 gold pieces
  5802 | D:4      | Learned a level 3 spell: Confusing Touch
  5805 | D:4      | Learned a level 2 spell: Blink
  5875 | D:5      | Noticed Ijyb
  5987 | D:5      | Found Maeqytz's Armour Emporium.
  6017 | D:5      | Found Awnuot's Distillery.
  6025 | D:5      | Bought a potion of lignification for 45 gold pieces
  6025 | D:5      | Bought a potion of heal wounds for 75 gold pieces
  6251 | D:6      | Slain by a gnoll

Illustrated notes

Levels and vault maps discovered:
D:1:      eino_arrival_water_cross, layout_loops_ring, serial_glass,
          glass_columns_a, glass_columns_c, glass_columns_a, glass_columns_b,
          glass_columns_b, glass_columns_a, glass_columns_a, glass_columns_b,
          minmay_domino_2
D:2:      layout_loops_ring, ebering_ecumenical_altar_webs, bh_walls_and_bars,
          uniq_terence
D:3:      layout_rooms, minmay_vboxes
D:4:      layout_loops_ring, minmay_bisected
D:5:      layout_gridville, serial_shops,
          nicolae_shop_temple_entry_statues_fountains, nicolae_square_shop,
          shop, kennysheep_mini, uniq_edmund, uniq_ijyb
D:6:      layout_gridville, serial_park_tiny_1, dk_rats_in_the_wall,
          uniq_prince_ribbit1, uniq_crazy_yiuf_cottage, uniq_duvessa,
          uniq_sigmund, uniq_eustachio, uniq_grinder

Skill      XL: |  1  2  3  4  5  6  7 |
---------------+----------------------+-----
Necromancy     | 5 6 |  6.3
Spellcasting   | 3 4 |  4.2
Hexes          | 1 3 4 |  4.6
Fighting       | 1 2 |  2.8
Stealth        | 4 5 6 |  6.0
Short Blades   | |  0.3
Dodging        | |  2.1

Action                   |  1- 3 |  4- 6 |  7- 9 || total
-------------------------+-------+-------+-------++-------
Melee: Unarmed           |     1 |       |       ||     1
       Dagger            |    35 |    46 |    33 ||   114
       Bite              |     1 |     5 |     2 ||     8
 Cast: Pain              |    67 |   148 |    38 ||   253
       Vampiric Draining |       |     3 |     3 ||     6
       Slow              |       |     5 |     6 ||    11
  Use: Scroll            |       |     6 |     4 ||    10
 Stab: Sleeping          |       |     8 |     1 ||     9
Armor: Robe              |    12 |     5 |     6 ||    23
       Skin              |     6 |       |       ||     6
Dodge: Dodged            |    21 |    49 |    28 ||    98
